 Dungeon Crawl Stone Soup version 0.24-a0-479-g9a978d2894 (webtiles) character file.

Game seed: 12897772265764207237

497 Akello the Magician (level 6, 0/41 HPs)
             Began as a Mummy Wizard on July 8, 2019.
             Killed by divine providence
             ... invoked by an orc priest
              (15 damage)
             ... on level 5 of the Dungeon.
             The game lasted 00:15:03 (6516 turns).

Akello the Magician (Mummy Wizard)                  Turns: 6516, Time: 00:15:04

Health: 0/41       AC:  6    Str: 10    XL:     6   Next: 93%
Magic:  12/16      EV: 12    Int: 19    God:
Gold:   256        SH:  0    Dex: 11    Spells: 11/19 levels left

rFire    x . .     SeeInvis .   p - +2 Maxwell's thermic engine {flame, freeze}
rCold    + . .     Gourm    .   (no shield)
rNeg     + + +     Faith    .   a - +0 robe
rPois    ∞         Spirit   .   b - +1 hat
rElec    .         Reflect  .   k - +1 cloak {MR+}
rCorr    .         Harm     .   (no gloves)
MR       +....                  h - +0 pair of boots
Stlth    +++.......             i - amulet of inaccuracy (curse)
HPRegen  0.13/turn              s - ring of stealth
MPRegen  0.15/turn              (no ring)

@: no status effects
A: no food or potions, fire vulnerability, cold resistance 1, negative energy
resistance 3, torment resistance, unbreathing
a: no special abilities


You were on level 5 of the Dungeon.
You were not hungry.

You visited 1 branch of the dungeon, and saw 5 of its levels.

You collected 256 gold pieces.

Inventory:

Hand Weapons
 c - a +0 club
 n - a +1 short sword of speed
 p - the +2 Maxwell's thermic engine (weapon) {flame, freeze}
   (You found it on level 4 of the Dungeon)

   It has been specially enchanted to burn those struck by it, causing extra
   injury to most foes and up to half again as much damage against particularly
   susceptible opponents.
   Big, fiery blades are also staple armaments of hydra-hunters.
   It has been specially enchanted to freeze those struck by it, causing extra
   injury to most foes and up to half again as much damage against particularly
   susceptible opponents.
Missiles
 d - 157 stones (quivered)
Armour
 a - a +0 robe (worn)
 b - a +1 hat (worn)
 h - a +0 pair of boots (worn)
 k - a +1 cloak of magic resistance (worn)
Jewellery
 f - an uncursed amulet of the acrobat
 i - a cursed amulet of inaccuracy (around neck)
 j - an uncursed amulet of guardian spirit {unknown}
 o - an uncursed amulet of harm
 s - a ring of stealth (left hand)
Wands
 r - a wand of polymorph (8)
Scrolls
 e - 3 scrolls of identify
 g - 3 scrolls of teleportation


   Skills:
 - Level 1.5 Dodging
 - Level 1.5 Stealth
 + Level 7.3 Spellcasting
 + Level 4.2 Conjurations
 - Level 0.7 Summonings
 - Level 0.7 Translocations


You had 11 spell levels left.
You knew the following spells:

 Your Spells              Type           Power        Failure   Level  Hunger
a - Magic Dart            Conj           ###.         1%          1    N/A
b - Call Imp              Summ           #.......     11%         2    N/A
c - Blink                 Tloc           N/A          11%         2    N/A
d - Conjure Flame         Conj/Fire      ###.....     12%         3    N/A

Your spell library contained the following spells:

 Spells                   Type           Power        Failure   Level  Hunger
 Slow                     Hex            #.......     14%         2    N/A
 Mephitic Cloud           Conj/Pois/Air  ##......     16%         3    N/A

Dungeon Overview and Level Annotations

Branches:
Dungeon (5/15)
 Temple: D:4-7

Altars:
Ashenzari
Elyvilon
Wu Jian
Xom
Yredelemnul


Innate Abilities, Weirdness & Mutations

You do not eat or drink.
Your flesh is vulnerable to fire.
You are immune to poison.
Your flesh is cold resistant. (rC+)
You are immune to negative energy. (rN+++)
You are immune to unholy pain and torment.
You can survive without breathing.


Message History

You can't see that place. [the floor.]
You can't see that place.
Okay, then.
Your crimson imp hits the orc priest.
What are your orders? t - Shout!
Orders for allies: a - Attack new target. r - Retreat! s - Stop attacking. g - Guard the area. f - Follow me.
Anything else - Cancel.
Gang up on whom?
Press: ? - help, Dir - move target cursor, f - orc priest
Aim: an orc priest (severely wounded) Attack!
The orc priest closely misses your crimson imp.
Your crimson imp barely misses the orc priest.
The orc priest invokes the aid of Beogh against you.
Beogh smites you!
You die...

# ####.# #####
#####(.... #)..###
##..#..##.#
#..55o####......##.#
#..@##.o#.o.....##..
########o#...##.##..
########.#... #....<
#.#... #..... ###...
#... #...


You could see an orc priest, a friendly iron imp and a friendly crimson imp.

Vanquished Creatures
  Edmund (D:4)
  An ogre (D:4)
  Crazy Yiuf (D:5)
  An iguana (D:4)
  2 adders
  An adder zombie (D:5)
  A worm (D:2)
  2 dart slugs
  A leopard gecko (D:3)
  4 orcs
  A ball python (D:1)
  2 giant cockroaches (D:3)
  12 goblins
  10 hobgoblins
  2 jackals (D:2)
  3 quokkas
  7 bats
  2 frilled lizards
  12 kobolds
  A quokka skeleton (D:5)
  2 rats
69 creatures vanquished.

Vanquished Creatures (collateral kills)
  Grinder (D:4)
  The ghost of Bapho the Conjurer, an amateur DECj (D:3)
  A hound (D:4)
  Robin (D:3)
  5 adders
  An adder skeleton (D:4)
  A worm (D:3)
  4 orcs
  A giant cockroach (D:5)
  3 goblins (D:3)
  2 hobgoblins (D:3)
  2 jackals (D:2)
  A kobold (D:3)
24 creatures vanquished.

Grand Total: 93 creatures vanquished

Notes
Turn   | Place    | Note
-------+----------+-------------------------------------------
     0 | D:1      | Akello the Mummy Wizard began the quest for the Orb.
     0 | D:1      | Reached XP level 1. HP: 13/13 MP: 5/5
    36 | D:1      | Reached skill level 1 in Conjurations
   259 | D:1      | Reached XP level 2. HP: 19/19 MP: 5/7
  1346 | D:2      | Found a shattered altar of Ashenzari.
  1627 | D:1      | Learned a level 2 spell: Call Imp
  1768 | D:2      | Reached XP level 3. HP: 21/24 MP: 0/9
  2378 | D:2      | Reached skill level 5 in Spellcasting
  2873 | D:3      | Reached XP level 4. HP: 30/30 MP: 7/11
  3260 | D:3      | Noticed Robin
  3443 | D:3      | Found a white marble altar of Elyvilon.
  3837 | D:3      | Learned a level 2 spell: Blink
  3841 | D:3      | Learned a level 3 spell: Conjure Flame
  4108 | D:3      | Killed Robin
  4323 | D:3      | Found a runed translucent gate.
  4323 | D:3      | Found a runed translucent gate.
  4323 | D:3      | Noticed Bapho's ghost (amateur DECj)
  4324 | D:3      | Found a runed translucent gate.
  4433 | D:3      | Killed Bapho's ghost
  4433 | D:3      | Reached XP level 5. HP: 35/35 MP: 4/13
  4626 | D:4      | Found the +2 Maxwell's thermic engine {flame, freeze}
  4647 | D:4      | Reached skill level 6 in Spellcasting
  4697 | D:4      | Found a shimmering altar of Xom.
  4705 | D:4      | Found a basalt altar of Yredelemnul.
  5015 | D:4      | Noticed an ogre
  5248 | D:4      | Noticed Grinder
  5261 | D:4      | Paralysed by Grinder for 4 turns
  5277 | D:4      | Paralysed by Grinder for 4 turns
  5305 | D:4      | Paralysed by Grinder for 4 turns
  5664 | D:4      | Killed Grinder
  5664 | D:4      | Reached XP level 6. HP: 22/41 MP: 1/15
  5815 | D:4      | Noticed Edmund
  6011 | D:4      | Found an ornate altar of the Wu Jian Council.
  6230 | D:4      | Killed Edmund
  6230 | D:4      | Reached skill level 7 in Spellcasting
  6329 | D:5      | Entered Level 5 of the Dungeon
  6371 | D:5      | Found a runed translucent door.
  6372 | D:5      | Noticed Crazy Yiuf
  6389 | D:5      | Killed Crazy Yiuf
  6516 | D:5      | Killed from afar by an orc priest

Levels and vault maps discovered:
D:1:      scummos_arrival_star, layout_basic, eino_curves_01,
          kennysheep_small_spiral
D:2:      layout_basic, overflow_temple_1_default, first_ration
D:3:      layout_loops_corners, elyvilon_altar_5, ebering_ghost_rock_garden,
          hangedman_abyss_or_decor_lesser_grid, minmay_diced_spiral, uniq_robin
D:4:      layout_rooms, nicolae_overflow_crystal_walls,
          grunt_temple_overflow_open, uniq_grinder, uniq_edmund
D:5:      layout_loops_ring, temple_pool_b, vehumet_altar_wand_db,
          uniq_blork_the_orc, uniq_duvessa, uniq_crazy_yiuf_cottage

Skill      XL: |  1  2  3  4  5  6 |
---------------+-------------------+-----
Conjurations   | 1 2 3 4 |  4.2
Spellcasting   | 5 6 7 |  7.3
Dodging        | |  1.5
Stealth        | |  1.5
Summonings     | |  0.7
Translocations | |  0.7

Action                   |  1- 3 |  4- 6 || total
-------------------------+-------+-------++-------
Melee: Club              |     6 |     2 ||     8
       Unarmed           |     1 |       ||     1
       Short sword       |       |     2 ||     2
       Double sword      |       |    32 ||    32
Throw: Stone             |     3 |       ||     3
 Cast: Magic Dart        |    99 |    96 ||   195
       Call Imp          |     6 |    54 ||    60
       Conjure Flame     |       |     5 ||     5
       Blink             |       |     2 ||     2
  Use: Scroll            |     3 |     5 ||     8
Armor: Robe              |     7 |    19 ||    26
Dodge: Dodged            |    25 |    51 ||    76
       Rpst.: Double sword |       |     9 ||     9

Table legend:
 A = Non-vault XP
 B = Vault XP
 C = Vault XP percentage of total XP
 D = Non-vault monster count
 E = Vault monster count
 F = Vault count percentage of total count
                 A         B        C        D         E       F
            +---------+---------+-------+---------+---------+-------
      Total |     322 |     388 |  54.6 |      74 |      19 |  20.4
            +---------+---------+-------+---------+---------+-------
        D:1 |      30 |       0 |   0.0 |      18 |       0 |   0.0
        D:2 |      59 |       0 |   0.0 |      19 |       0 |   0.0
        D:3 |      74 |      78 |  51.3 |      25 |      16 |  39.0
        D:4 |     151 |     275 |  64.6 |       9 |       2 |  18.2
        D:5 |       8 |      35 |  81.4 |       3 |       1 |  25.0
            +---------+---------+-------+---------+---------+-------
